[ AOE2 MATCH · #482869578 ]
UnrankedFranks vs Bulgarians
[ REPLAY ANALYSIS · EXTRACTED FROM THE RECORDED GAME ]
Feudal
14:51
Castle
—
Imperial
—
| APM avg | 16.6 |
| APM peak | 41 |
| eAPM avg | 9.2 |
| Villagers / military | 38 / 16 |
Focus
⚔️ 18.0% · 🌾 82.0%
Scout Cavalry ×9 · Spearman ×6 · Militia ×1
Feudal
13:48
Castle
—
Imperial
—
| APM avg | 33.2 |
| APM peak | 73 |
| eAPM avg | 10.8 |
| Villagers / military | 36 / 15 |
Focus
⚔️ 13.5% · 🌾 86.5%
Militia ×10 · Spearman ×5
Feudal
14:41
Castle
21:58
Imperial
—
| APM avg | 33.9 |
| APM peak | 78 |
| eAPM avg | 13.7 |
| Villagers / military | 34 / 15 |
Focus
⚔️ 14.9% · 🌾 85.1%
Spearman ×6 · Militia ×4 · Scout Cavalry ×3 · Konnik ×2
Feudal
13:40
Castle
28:33
Imperial
—
| APM avg | 20.5 |
| APM peak | 63 |
| eAPM avg | 8.4 |
| Villagers / military | 41 / 11 |
Focus
⚔️ 15.4% · 🌾 84.6%
Militia ×11
Match map
Initial resources + every placement click. Lines = walls · curves = elevation contours. ◆ gold · ⬟ stone · ● berries · ✦ relic · ◌ wall gap
Your base· Open — unwalled flank
este's base· Open — unwalled flank
bluecloud's base· Open — unwalled flank
Dedefoncer's base· Open — unwalled flank
Smoothed initial terrain · ◌ = detected wall gap · hover for details
Inputs per minute
— Bison - - este
Build order — Bison
112 actions detected in the replay
| 0:30 | Build | Town Center |
| 1:26 | Build | House |
| 2:16 | Create | Villager (Male) |
| 2:16 | Create | Villager (Male) |
| 2:17 | Create | Villager (Male) |
| 2:17 | Create | Villager (Male) |
| 4:04 | Create | Villager (Male) |
| 4:18 | Research | Loom |
| 4:50 | Create | Villager (Male) |
| 4:50 | Create | Villager (Male) |
| 4:58 | Build | House |
| 5:02 | Build | House |
| 5:09 | Build | Lumber Camp |
| 5:48 | Create | Villager (Male) |
| 5:48 | Create | Villager (Male) |
| 5:48 | Create | Villager (Male) |
| 6:15 | Create | Villager (Male) |
| 6:42 | Create | Villager (Male) |
| 7:35 | Create | Villager (Male) |
| 7:55 | Create | Villager (Male) |
| 8:06 | Build | House |
| 8:24 | Create | Villager (Male) |
| 8:58 | Create | Villager (Male) |
| 9:24 | Create | Villager (Male) |
| 10:07 | Create | Villager (Male) |
| 10:35 | Create | Villager (Male) |
| 11:01 | Create | Villager (Male) |
| 11:36 | Create | Villager (Male) |
| 11:43 | Create | Villager (Male) |
| 12:02 | Build | Mill |
| 12:10 | Build | Mining Camp |
| 12:16 | Create | Villager (Male) |
| 12:37 | Research | Feudal Age |
| 13:36 | Build | House |
| 13:45 | Build | House |
| 14:23 | Build | Barracks |
| 14:51 | Age | Feudal Age |
| 14:59 | Build | Farm |
| 14:59 | Build | Farm |
| 14:59 | Build | Farm |
| 14:59 | Build | Farm |
| 15:00 | Build | Farm |
| 15:00 | Build | Farm |
| 15:22 | Build | Mining Camp |
| 15:38 | Build | Outpost |
| 15:43 | Research | Town Watch |
| 15:44 | Research | Wheelbarrow |
| 15:56 | Build | Stable |
| 16:27 | Build | Market |
| 16:32 | Build | Blacksmith |
| 16:39 | Create | Villager (Male) |
| 16:45 | Create | Villager (Male) |
| 16:48 | Create | Spearman |
| 16:50 | Create | Spearman |
| 18:11 | Build | Stone Wall |
| 18:19 | Build | Stone Wall |
| 18:27 | Create | Villager (Male) |
| 18:27 | Create | Villager (Male) |
| 18:27 | Create | Villager (Male) |
| 18:28 | Create | Villager (Male) |
| 18:47 | Build | Farm |
| 18:48 | Build | Farm |
| 18:48 | Build | Farm |
| 18:48 | Build | Farm |
| 18:49 | Build | Farm |
| 18:50 | Build | Farm |
| 18:54 | Build | Farm |
| 19:11 | Create | Scout Cavalry |
| 19:12 | Create | Scout Cavalry |
| 19:51 | Create | Scout Cavalry |
| 19:52 | Create | Scout Cavalry |
| 19:52 | Create | Scout Cavalry |
| 20:22 | Build | House |
| 20:36 | Build | House |
| 20:46 | Build | House |
| 20:55 | Create | Scout Cavalry |
| 20:55 | Create | Scout Cavalry |
| 20:56 | Create | Scout Cavalry |
| 21:06 | Build | House |
| 21:10 | Build | House |
| 21:11 | Build | House |
| 21:22 | Create | Spearman |
| 21:23 | Create | Spearman |
| 21:29 | Research | Forging |
| 22:06 | Build | House |
| 22:08 | Build | House |
| 22:09 | Build | House |
| 22:17 | Build | Stone Wall |
| 22:33 | Create | Scout Cavalry |
| 22:36 | Create | Militia |
| 22:37 | Create | Spearman |
| 22:38 | Create | Spearman |
| 24:03 | Build | Stone Wall |
| 24:15 | Build | Stone Wall |
| 24:18 | Build | Stone Wall |
| 24:28 | Build | Stone Wall |
| 24:41 | Create | Villager (Male) |
| 24:41 | Create | Villager (Male) |
| 24:41 | Create | Villager (Male) |
| 24:58 | Research | Double-Bit Axe |
| 25:38 | Build | Stone Wall |
| 26:36 | Create | Villager (Male) |
| 26:36 | Create | Villager (Male) |
| 26:37 | Create | Villager (Male) |
| 26:37 | Create | Villager (Male) |
| 26:37 | Create | Villager (Male) |
| 26:38 | Create | Villager (Male) |
| 26:49 | Build | Mill |
| 26:54 | Build | Farm |
| 26:54 | Build | Farm |
| 27:10 | Build | Mill |
| 28:49 | Research | Castle Age |
Build order — este
96 actions detected in the replay
| 0:53 | Build | Town Center |
| 2:27 | Create | Villager (Male) |
| 2:27 | Create | Villager (Male) |
| 2:28 | Create | Villager (Male) |
| 2:28 | Create | Villager (Male) |
| 3:13 | Research | Loom |
| 3:24 | Build | House |
| 3:29 | Build | House |
| 3:43 | Build | Barracks |
| 4:34 | Create | Villager (Male) |
| 4:42 | Research | Loom |
| 5:27 | Create | Villager (Male) |
| 5:46 | Create | Villager (Male) |
| 5:47 | Create | Villager (Male) |
| 6:36 | Build | House |
| 6:54 | Create | Militia |
| 7:01 | Build | House |
| 8:10 | Create | Villager (Male) |
| 8:10 | Create | Villager (Male) |
| 8:10 | Create | Villager (Male) |
| 8:28 | Create | Militia |
| 8:36 | Create | Villager (Male) |
| 8:48 | Create | Villager (Male) |
| 8:48 | Create | Villager (Male) |
| 8:49 | Create | Villager (Male) |
| 8:54 | Build | House |
| 10:02 | Build | Mining Camp |
| 10:29 | Create | Villager (Male) |
| 11:33 | Create | Villager (Male) |
| 11:38 | Research | Feudal Age |
| 11:58 | Build | Mining Camp |
| 13:43 | Create | Villager (Male) |
| 13:43 | Create | Villager (Male) |
| 13:48 | Age | Feudal Age |
| 14:19 | Build | Lumber Camp |
| 14:35 | Create | Villager (Male) |
| 15:15 | Create | Villager (Male) |
| 15:16 | Research | Town Watch |
| 15:19 | Create | Villager (Male) |
| 15:30 | Research | Double-Bit Axe |
| 15:45 | Build | Mill |
| 15:55 | Create | Villager (Male) |
| 16:14 | Create | Spearman |
| 16:14 | Create | Spearman |
| 16:16 | Create | Spearman |
| 16:16 | Create | Spearman |
| 16:22 | Research | Man-at-Arms (upgrade) |
| 16:29 | Create | Spearman |
| 16:29 | Create | Militia |
| 17:01 | Research | Horse Collar |
| 17:42 | Build | Farm |
| 17:49 | Build | Farm |
| 17:53 | Build | Farm |
| 18:17 | Create | Villager (Male) |
| 18:18 | Create | Villager (Male) |
| 18:43 | Build | Farm |
| 18:44 | Build | Farm |
| 18:48 | Build | Farm |
| 18:53 | Build | Farm |
| 18:55 | Build | Farm |
| 18:56 | Build | Farm |
| 18:57 | Build | Farm |
| 18:58 | Build | Farm |
| 19:13 | Create | Villager (Male) |
| 19:16 | Research | Wheelbarrow |
| 19:26 | Build | House |
| 19:34 | Create | Villager (Male) |
| 19:51 | Create | Villager (Male) |
| 20:41 | Create | Villager (Male) |
| 20:51 | Build | Farm |
| 20:58 | Build | Farm |
| 21:01 | Build | Farm |
| 21:05 | Build | Farm |
| 21:13 | Create | Villager (Male) |
| 21:39 | Create | Villager (Male) |
| 21:46 | Build | Farm |
| 22:02 | Build | House |
| 22:05 | Build | House |
| 23:19 | Create | Militia |
| 23:20 | Create | Militia |
| 23:20 | Create | Militia |
| 23:20 | Create | Militia |
| 23:37 | Build | Blacksmith |
| 25:05 | Create | Villager (Male) |
| 25:05 | Create | Villager (Male) |
| 25:05 | Create | Villager (Male) |
| 25:06 | Create | Villager (Male) |
| 25:22 | Create | Militia |
| 25:42 | Research | Stone Mining |
| 26:06 | Build | Archery Range |
| 26:28 | Create | Villager (Male) |
| 26:36 | Research | Gold Mining |
| 27:09 | Build | Stable |
| 27:11 | Research | Castle Age |
| 27:30 | Create | Militia |
| 27:31 | Create | Militia |
Build order — bluecloud
94 actions detected in the replay
| 1:18 | Build | Town Center |
| 2:55 | Create | Villager (Male) |
| 2:55 | Create | Villager (Male) |
| 2:55 | Create | Villager (Male) |
| 2:56 | Create | Villager (Male) |
| 2:56 | Research | Loom |
| 3:09 | Build | House |
| 3:10 | Build | House |
| 4:49 | Create | Villager (Male) |
| 4:49 | Create | Villager (Male) |
| 5:17 | Build | Lumber Camp |
| 5:26 | Create | Villager (Male) |
| 6:07 | Create | Villager (Male) |
| 6:07 | Create | Villager (Male) |
| 7:17 | Create | Villager (Male) |
| 7:17 | Create | Villager (Male) |
| 7:18 | Create | Villager (Male) |
| 7:47 | Research | Loom |
| 8:04 | Build | Barracks |
| 8:35 | Create | Villager (Male) |
| 8:52 | Build | Mill |
| 9:17 | Create | Villager (Male) |
| 9:17 | Create | Villager (Male) |
| 9:17 | Create | Villager (Male) |
| 9:23 | Build | House |
| 9:25 | Build | House |
| 10:32 | Build | Farm |
| 11:25 | Create | Villager (Male) |
| 11:26 | Create | Villager (Male) |
| 11:47 | Build | Farm |
| 11:48 | Build | Farm |
| 12:31 | Research | Feudal Age |
| 12:54 | Build | Mining Camp |
| 13:42 | Create | Militia |
| 13:45 | Create | Militia |
| 14:41 | Age | Feudal Age |
| 14:44 | Build | Stable |
| 14:48 | Create | Militia |
| 15:37 | Create | Militia |
| 16:03 | Build | Farm |
| 16:05 | Create | Scout Cavalry |
| 16:20 | Create | Scout Cavalry |
| 17:14 | Create | Scout Cavalry |
| 17:22 | Build | House |
| 17:23 | Build | House |
| 18:15 | Build | Watch Tower |
| 18:28 | Create | Villager (Male) |
| 18:39 | Build | Blacksmith |
| 18:52 | Create | Villager (Male) |
| 19:09 | Research | Castle Age |
| 19:18 | Build | Mining Camp |
| 19:54 | Research | Arson |
| 20:14 | Create | Spearman |
| 20:14 | Create | Spearman |
| 20:15 | Create | Spearman |
| 20:38 | Build | Watch Tower |
| 21:16 | Build | Archery Range |
| 21:58 | Age | Castle Age |
| 22:08 | Create | Villager (Male) |
| 22:08 | Create | Villager (Male) |
| 22:08 | Create | Villager (Male) |
| 22:37 | Build | Farm |
| 22:46 | Create | Villager (Male) |
| 23:23 | Create | Villager (Male) |
| 24:11 | Create | Villager (Male) |
| 24:20 | Create | Villager (Male) |
| 24:52 | Build | Krepost |
| 25:02 | Create | Villager (Male) |
| 25:02 | Create | Villager (Male) |
| 25:08 | Build | House |
| 25:09 | Build | House |
| 25:12 | Build | Farm |
| 25:38 | Create | Villager (Male) |
| 25:38 | Create | Villager (Male) |
| 25:42 | Build | House |
| 25:44 | Build | House |
| 26:01 | Build | Farm |
| 26:18 | Create | Spearman |
| 26:18 | Create | Spearman |
| 26:19 | Create | Spearman |
| 26:43 | Build | Mill |
| 26:44 | Build | Farm |
| 26:44 | Build | Farm |
| 26:45 | Build | Farm |
| 26:45 | Build | Farm |
| 26:45 | Build | Farm |
| 26:45 | Build | Farm |
| 27:01 | Create | Konnik |
| 27:08 | Create | Villager (Male) |
| 28:08 | Create | Konnik |
| 28:27 | Build | Farm |
| 28:31 | Build | Farm |
| 28:33 | Create | Villager (Male) |
| 28:33 | Create | Villager (Male) |
Build order — Dedefoncer
122 actions detected in the replay
| 0:22 | Build | Town Center |
| 1:16 | Build | House |
| 1:22 | Build | House |
| 1:58 | Create | Villager (Male) |
| 1:58 | Create | Villager (Male) |
| 1:59 | Create | Villager (Male) |
| 2:00 | Create | Villager (Male) |
| 2:00 | Create | Villager (Male) |
| 2:14 | Research | Loom |
| 2:19 | Create | Villager (Male) |
| 2:19 | Create | Villager (Male) |
| 2:19 | Create | Villager (Male) |
| 2:19 | Create | Villager (Male) |
| 3:38 | Create | Villager (Male) |
| 4:17 | Build | Mule Cart |
| 4:20 | Create | Villager (Male) |
| 4:49 | Create | Villager (Male) |
| 4:50 | Create | Villager (Male) |
| 5:24 | Create | Villager (Male) |
| 5:49 | Create | Villager (Male) |
| 6:37 | Create | Villager (Male) |
| 6:59 | Build | Mill |
| 7:08 | Create | Villager (Male) |
| 7:08 | Create | Villager (Male) |
| 7:21 | Build | House |
| 7:35 | Create | Villager (Male) |
| 8:09 | Build | Farm |
| 8:09 | Build | Farm |
| 8:29 | Create | Villager (Male) |
| 8:44 | Build | Farm |
| 8:47 | Create | Villager (Male) |
| 9:08 | Create | Villager (Male) |
| 9:32 | Create | Villager (Male) |
| 10:11 | Build | House |
| 10:14 | Build | House |
| 10:16 | Build | House |
| 10:49 | Create | Villager (Male) |
| 11:05 | Build | House |
| 11:07 | Build | House |
| 11:28 | Research | Feudal Age |
| 11:42 | Build | Barracks |
| 11:52 | Build | Outpost |
| 11:54 | Build | Outpost |
| 12:03 | Create | Villager (Male) |
| 12:10 | Build | Farm |
| 13:40 | Age | Feudal Age |
| 13:44 | Research | Man-at-Arms (upgrade) |
| 13:45 | Research | Arson |
| 13:56 | Build | Blacksmith |
| 14:16 | Build | Farm |
| 14:19 | Create | Villager (Male) |
| 14:19 | Create | Villager (Male) |
| 14:21 | Research | Wheelbarrow |
| 14:38 | Research | Double-Bit Axe |
| 15:09 | Build | Outpost |
| 15:27 | Build | Mule Cart |
| 15:46 | Create | Villager (Male) |
| 15:50 | Research | Long Swordsman (upgrade) |
| 15:59 | Build | Outpost |
| 16:21 | Research | Horse Collar |
| 16:25 | Create | Villager (Male) |
| 16:51 | Create | Villager (Male) |
| 16:59 | Build | Watch Tower |
| 17:15 | Build | Barracks |
| 17:20 | Create | Villager (Male) |
| 17:20 | Create | Villager (Male) |
| 17:35 | Build | Farm |
| 17:36 | Build | Farm |
| 17:59 | Create | Villager (Male) |
| 18:25 | Build | Mule Cart |
| 18:47 | Create | Villager (Male) |
| 18:48 | Create | Villager (Male) |
| 19:06 | Build | Market |
| 19:21 | Build | Mill |
| 19:25 | Build | Farm |
| 19:25 | Build | Farm |
| 19:26 | Build | Farm |
| 19:27 | Build | Farm |
| 19:42 | Create | Militia |
| 19:43 | Create | Militia |
| 19:45 | Create | Militia |
| 19:47 | Create | Militia |
| 20:16 | Create | Villager (Male) |
| 20:49 | Build | Mule Cart |
| 21:07 | Build | Stone Wall |
| 21:22 | Build | Mule Cart |
| 21:34 | Create | Villager (Male) |
| 21:35 | Create | Villager (Male) |
| 21:46 | Build | Farm |
| 21:46 | Build | Farm |
| 22:35 | Create | Militia |
| 22:36 | Create | Militia |
| 22:53 | Build | Watch Tower |
| 24:37 | Build | Mill |
| 24:39 | Build | Farm |
| 24:41 | Build | Farm |
| 24:41 | Build | Farm |
| 24:42 | Build | Farm |
| 24:49 | Build | Farm |
| 25:18 | Build | Farm |
| 25:19 | Build | Farm |
| 25:24 | Build | Farm |
| 25:27 | Create | Villager (Male) |
| 25:53 | Research | Castle Age |
| 26:20 | Build | Mule Cart |
| 27:07 | Create | Militia |
| 27:07 | Create | Militia |
| 27:08 | Create | Militia |
| 27:08 | Create | Militia |
| 27:15 | Create | Villager (Male) |
| 27:15 | Create | Villager (Male) |
| 27:51 | Create | Militia |
| 27:59 | Build | Barracks |
| 28:23 | Research | Gold Mining |
| 28:33 | Age | Castle Age |
| 28:33 | Build | House |
| 28:35 | Build | House |
| 28:36 | Build | House |
| 28:37 | Build | House |
| 28:46 | Build | House |
| 28:49 | Build | House |
| 28:50 | Build | House |
Match timeline
| 3:43 | este · first_building Barracks |
| 8:04 | bluecloud · first_building Barracks |
| 11:42 | Dedefoncer · first_building Barracks |
| 13:40 | Dedefoncer · age_up feudal |
| 13:48 | este · age_up feudal |
| 14:23 | Bison · first_building Barracks |
| 14:41 | bluecloud · age_up feudal |
| 14:44 | bluecloud · first_building Stable |
| 14:51 | Bison · age_up feudal |
| 15:56 | Bison · first_building Stable |
| 18:11 | Bison · wall_segment Stone Wall x7 |
| 18:19 | Bison · wall_segment Stone Wall x1 |
| 21:07 | Dedefoncer · wall_segment Stone Wall x6 |
| 21:16 | bluecloud · first_building Archery Range |
| 21:58 | bluecloud · age_up castle |
| 22:17 | Bison · wall_segment Stone Wall x4 |
| 24:03 | Bison · wall_segment Stone Wall x15 |
| 24:15 | Bison · wall_segment Stone Wall x11 |
| 24:18 | Bison · wall_segment Stone Wall x8 |
| 24:28 | Bison · wall_segment Stone Wall x10 |
| 24:52 | bluecloud · first_building Krepost |
| 25:01 | Dedefoncer · first_market_buy 100 food |
| 25:38 | Bison · wall_segment Stone Wall x1 |
| 26:06 | este · first_building Archery Range |
| 27:09 | este · first_building Stable |
| 28:33 | Dedefoncer · age_up castle |
| 28:46 | Bison · first_market_buy 100 food |
| 28:58 | este · resign |
[ AI ANALYSIS · 1 CREDIT ]
What really happened in this match?
Wolo.gg analyzes every decision: build order, eco, micro, common mistakes by bracket. Personalized analysis on WhatsApp or Discord in 30 seconds.
Civ guide
Franks
Perfil
Jugador #1860241